 Seeded DCSS version 0.28-a0-1356-g2ad6d04315 (webtiles) character file.

Game seed: 12130800008223909736 (custom seed)

4987 croobank the Spear-Bearer (level 10, -2/56 HPs)
             Began as an Octopode Earth Elementalist on Dec 30, 2021.
             Was an Initiate of Gozag.
             Slain by a two-headed ogre (29 damage)
             ... on level 10 of the Dungeon.
             The game lasted 01:12:40 (15295 turns).

croobank the Spear-Bearer (OpEE)                   Turns: 15295, Time: 01:12:58

Health: -2/56      AC:  2    Str: 20    XL:     10   Next: 54%
Magic:  15/15      EV: 12    Int: 20    God:    Gozag
Gold:   271        SH: 15    Dex: 11    Spells: 0/15 levels left

rFire   + + .      SeeInvis .   m - +0 trident
rCold   + . .      Faith    .   h - +5 kite shield {rC+ rF+}
rNeg    . . .      Spirit   .   (helmet restricted)
rPois   .          Reflect  .   u - amulet of magic regeneration
rElec   .          Harm     .   e - ring of wizardry
rCorr   .          Rampage  .   x - ring of the Octopus King {Fly AC+1 EV+1 Str+1 Int+1 Dex+1}
Will    +....                   E - +6 ring of strength
Stlth   ++++......              B - +4 ring of slaying
HPRegen 0.18/turn               M - ring of wizardry
MPRegen 0.54/turn               S - ring of willpower
                                (no ring)
                                (no ring)

@: flying, slowed, very slow
A: almost no armour, amphibious, 8 rings, camouflage 1, gelatinous body 1,
(nimble swimmer 1), tentacles, clever 1, clumsy 1, fire resistance 1
a: Renounce Religion, Potion Petition, Call Merchant, Bribe Branch


You were on level 10 of the Dungeon.
You worshipped Gozag.
Gozag was aware of your devotion.
You visited 2 branches of the dungeon, and saw 11 of its levels.
You also visited: Ossuary.

You collected 1160 gold pieces.
You spent 834 gold pieces at shops.
You paid 55 gold pieces to Gozag.

Inventory:

Hand Weapons
 b - a +0 hunting sling
 f - a +2 vampiric rapier
 l - a +0 hand axe
 m - a +0 trident (weapon)
 L - a +5 scimitar
Missiles
 d - 33 bolts
 g - 71 poisoned darts
 j - 91 arrows
 k - 164 stones
 r - 119 sling bullets
 O - 2 curare-tipped darts
Armour
 h - a +5 kite shield of resistance (worn)
Magical Staves
 a - a staff of earth
Jewellery
 e - a ring of wizardry (left tentacle)
 u - an amulet of magic regeneration (around mantle)
 x - a ring of the Octopus King (right tentacle) {Fly AC+1 EV+1 Str+1 Int+1 Dex+1}
   (You bought it in a shop on level 2 of the Dungeon)

   [ring of flight]

   AC:        It affects your AC (+1).
   EV:        It affects your evasion (+1).
   Str:       It affects your strength (+1).
   Int:       It affects your intelligence (+1).
   Dex:       It affects your dexterity (+1).
   Fly:       It grants you flight.
 B - a +4 ring of slaying (on tentacle)
 E - a +6 ring of strength (on tentacle)
 M - a ring of wizardry (on tentacle)
 S - a ring of willpower (on tentacle)
Wands
 o - a wand of flame (27)
Scrolls
 c - 7 scrolls of identify {identify, unknown}
 q - 3 scrolls of vulnerability {vuln, unknown}
 t - 3 scrolls of teleportation
 v - 3 scrolls of blinking {blink}
 y - a scroll of silence {silence, unknown}
 z - a scroll of fear {fear, unknown}
 C - a scroll of fog {fog, unknown}
 D - a scroll of amnesia {amnesia, unknown}
 F - a scroll of brand weapon {brand weapon, unknown}
 G - a scroll of immolation {immolation, unknown}
 H - 2 scrolls of magic mapping {magic mapping, unknown}
 K - 3 scrolls of summoning {summoning}
 N - a scroll of torment {torment, unknown}
Potions
 i - 4 potions of curing {curing}
 n - a potion of magic {magic, unknown}
 p - a potion of cancellation {cancellation}
 s - 4 potions of haste
 w - 2 potions of might
 A - a potion of brilliance {unknown}
 I - a potion of mutation {mutation}
 J - a potion of resistance {resistance, unknown}
 P - a potion of invisibility {invisibility, unknown}
 Q - a potion of attraction {attraction, unknown}
 R - a potion of lignification


   Skills:
 - Level 8.5 Polearms
 - Level 2.2 Dodging
 - Level 4.8 Stealth
 + Level 8.1 Shields
 + Level 3.4 Spellcasting
 + Level 3.1 Transmutations
 - Level 7.2 Air Magic
 + Level 4.3 Earth Magic


You couldn't memorise any spells.
You knew the following spells:

 Your Spells              Type           Power      Damage    Failure   Level
a - Sandblast             Erth           40%        2d10      1%          1
b - Passwall              Tmut/Erth      15%        N/A       3%          2
c - Stone Arrow           Conj/Erth      24%        3d8       11%         3
d - Ensorcelled Hibernat  Hex/Ice        6%         N/A       13%         2
e - Swiftness             Air            32%        N/A       1%          3
f - Petrify               Tmut/Erth      18%        N/A       19%         4

Your spell library contained the following spells:

 Spells                   Type           Power      Damage    Failure   Level
 Tukima's Dance           Hex            3%         N/A       24%         3
 Fireball                 Conj/Fire      1%         3d3       89%         5
 Iskenderun's Battlesphe  Conj           3%         2d6       89%         5
 Conjure Ball Lightning   Conj/Air       8%         3x3d6     94%         6
 Enfeeble                 Hex            1%         N/A       100%        7
 Orb of Destruction       Conj           1%         N/A       100%        7


Dungeon Overview and Level Annotations

Branches:
Dungeon (10/15)            Temple (1/1) D:4         Ossuary (visited)
   Lair: D:8-11         Orc: D:9-12

Altars:
Ashenzari
Cheibriados
Dithmenos
Elyvilon
Fedhas
Gozag
Hepliaklqana
Kikubaaqudgha
Makhleb
Nemelex Xobeh
Okawaru
Qazlal
Ru
Sif Muna
Trog
Uskayaw
Vehumet
Wu Jian
Xom
Yredelemnul
Zin
The Shining One

Shops:
D:1 *   D:2 =   D:3 !

Annotations:
D:10 Psyche


Innate Abilities, Weirdness & Mutations

You cannot wear most types of armour.
You are amphibious.
You can wear up to eight rings at the same time.
Your skin changes colour to match your surroundings (Stealth+).
Your rubbery body absorbs attacks. (AC +1, EV +1)
((You are camouflaged when in or above water. (Stealth+)))
You have tentacles for arms and can constrict up to eight enemies at once.
Your mind is acute. (Int +2)
You are clumsy. (Dex -2)
Your flesh is heat resistant. (rF+)


Message History

Aiming: Ensorcelled Hibernation (safe; 13% risk of failure)
Press: ? - help, Shift-Dir - straight line, f - two-headed ogre
Aim: a two-headed ogre, wielding two +0 giant clubs (chance to affect: 21%)
Okay, then.
Casting: Ensorcelled Hibernation (safe; 13% risk of failure)
Confirm with . or Enter, or press ? or * to list all spells.
The spell is quite dangerous to miscast (19% risk of failure)!
Continue anyway?
Aiming: Petrify (quite dangerous; 19% risk of failure)
Press: ? - help, Shift-Dir - straight line, f - two-headed ogre
Aim: a two-headed ogre, wielding two +0 giant clubs (chance to affect: 40%)
You feel a surge of power!
The two-headed ogre is moving more slowly.
You see here 7 gold pieces.
You now have 271 gold pieces (gained 7).
m - a +0 trident (weapon)
The two-headed ogre stops moving altogether!
The helpless two-headed ogre fails to defend itself.
You hit the two-headed ogre.
The two-headed ogre is lightly wounded.
The helpless two-headed ogre fails to defend itself.
You puncture the two-headed ogre! You squeeze the two-headed ogre.
The two-headed ogre is moderately wounded.
The helpless two-headed ogre fails to defend itself.
You puncture the two-headed ogre! You squeeze the two-headed ogre.
The two-headed ogre is moderately wounded.
The two-headed ogre is no longer petrified.
You block the two-headed ogre's attack. The two-headed ogre barely misses you.
The wraith closely misses you.
You hit the two-headed ogre. You squeeze the two-headed ogre!
The two-headed ogre is severely wounded.
You block the wraith's attack. You block the two-headed ogre's attack.
The two-headed ogre barely misses you.
You hit the two-headed ogre. You squeeze the two-headed ogre!
The two-headed ogre is almost dead.
The wraith hits you! The wraith drains your vigour!
You feel yourself slow down.
The two-headed ogre hits you with a +0 giant club!! x2
Ouch! That really hurt!
You die...
Your body crumbles into a pile of gold.

..^##...# ###.. .....#
...... ..##...## ......
..... #.......###....?.
.... #.....#..........
..#.## ##.##...........
.##..###............#
.......##....##....# .
.# #...........$W..#....
####......#####.@O......
##....##.....####.#...#.
......>...#...# ## ....
.........##..## ...
##...#..## .# ..
###....# .# . #...... #
#....... #...##..#


You could see a two-headed ogre and a wraith.

Vanquished Creatures
  A meliai zombie (D:10)
  Sigmund (D:3)
  A wyvern (D:9)
  3 yaks (D:8)
  Eustachio (D:4)
  Duvessa (D:4)
  3 water moccasins
  2 orc warriors
  2 black bears
  An ice beast (D:7)
  3 centaurs
  2 necrophages
  An ogre (D:7)
  3 phantoms
  The ghost of AigisTheKnight the Digger, an amateur GrEE (D:4)
  6 bullfrogs
  2 scorpions
  Dowan (D:4)
  A water moccasin skeleton (D:7)
  4 killer bees
  3 wights (D:8)
  4 howler monkeys
  4 centaur zombies
  A human zombie (Ossuary)
  A hound (D:6)
  An orc priest (D:9)
  3 orc wizards
  Ijyb (D:3)
  2 scorpion zombies (D:5)
  6 mummies
  A howler monkey zombie (D:9)
  10 adders
  A shadow imp (D:7)
  A white imp (D:8)
  An ufetubus (D:4)
  A worm (D:3)
  A dart slug (D:1)
  18 orcs
  8 ball pythons
  5 endoplasms
  4 giant cockroaches
  4 goblins
  5 hobgoblins
  4 jackals (D:4)
  5 quokkas
  6 bats
  3 frilled lizards (D:1)
  2 goblin zombies (Ossuary)
  A hobgoblin zombie (Ossuary)
  2 kobolds (D:1)
  An orc zombie (Ossuary)
  5 rats
155 creatures vanquished.

Vanquished Creatures (collateral kills)
  A two-headed ogre (D:9)
1 creature vanquished.

Vanquished Creatures (others)
  12 plants
12 creatures vanquished.

Grand Total: 168 creatures vanquished

Notes
Turn   | Place    | Note
-------+----------+-------------------------------------------
     0 | D:1      | croobank the Octopode Earth Elementalist began the quest
                  | for the Orb.
     0 | D:1      | Reached XP level 1. HP: 11/11 MP: 3/3
   469 | D:1      | Reached XP level 2. HP: 15/17 MP: 5/5
   505 | D:1      | Learned a level 2 spell: Passwall
  1002 | D:1      | Found Wisoshren's General Store.
  1190 | D:1      | Reached XP level 3. HP: 14/21 MP: 6/6
  1289 | D:1      | Learned a level 3 spell: Stone Arrow
  1493 | D:2      | Reached skill level 1 in Polearms
  1837 | D:3      | Noticed Ijyb
  2110 | D:2      | You fall into a shaft and drop 2 floors!
  2303 | D:2      | Found a faded altar of an unknown god.
  2382 | D:2      | Found Tueluf's Jewellery Shoppe.
  2392 | D:2      | Reached XP level 4. HP: 20/27 MP: 5/7
  3048 | D:3      | Found Couciofe's Distillery.
  3237 | D:3      | Killed Ijyb
  3238 | D:3      | Reached skill level 1 in Shields
  3558 | D:3      | Noticed Sigmund
  3568 | D:3      | Killed Sigmund
  3569 | D:3      | Reached XP level 5. HP: 12/31 MP: 8/8
  3569 | D:3      | Reached XP level 6. HP: 14/36 MP: 9/9
  4064 | D:4      | Identified the +0 pair of gloves of the Constellations {rF+
                  | rC++ Dex+4}
  4184 | D:4      | Found a staircase to the Ecumenical Temple.
  4193 | Temple   | Entered the Ecumenical Temple
  4218 | Temple   | Became a worshipper of Gozag Ym Sagoz the Greedy
  4684 | D:4      | Noticed Eustachio
  4742 | D:5      | Entered Level 5 of the Dungeon
  4757 | D:5      | Reached XP level 7. HP: 20/41 MP: 5/10
  5160 | D:4      | Reached skill level 5 in Polearms
  5352 | D:4      | Found a runed translucent door.
  5354 | D:4      | Noticed AigisTheKnight's ghost (amateur GrEE)
  5420 | D:4      | HP: 1/40 [Eustachio (6)]
  5955 | D:4      | Noticed Duvessa
  5955 | D:4      | Noticed Dowan
  5961 | D:4      | Killed Duvessa
  5963 | D:4      | Killed Dowan
  6124 | D:5      | Reached skill level 5 in Shields
  6340 | D:5      | Found a sparkling altar of Nemelex Xobeh.
  6904 | D:6      | Reached XP level 8. HP: 46/46 MP: 11/11
  7980 | D:4      | Killed Eustachio
  8340 | D:4      | Killed AigisTheKnight's ghost
  8956 | D:2      | Bought a ring of the Octopus King {Fly AC+1 EV+1 Str+1
                  | Int+1 Dex+1} for 509 gold pieces
  8956 | D:2      | Found the ring of the Octopus King {Fly AC+1 EV+1 Str+1
                  | Int+1 Dex+1}
 10012 | D:6      | Reached XP level 9. HP: 16/51 MP: 9/12
 11571 | D:8      | Found a sand-covered staircase.
 11582 | Ossuary  | Entered an ossuary
 11586 | Ossuary  | Learned a level 2 spell: Ensorcelled Hibernation
 11758 | Ossuary  | Gained mutation: Your flesh is heat resistant. (rF+)
                  | [potion of mutation]
 11758 | Ossuary  | Gained mutation: Your mind is acute. (Int +2) [potion of
                  | mutation]
 11758 | Ossuary  | Gained mutation: You are clumsy. (Dex -2) [potion of
                  | mutation]
 12241 | D:8      | Learned a level 3 spell: Swiftness
 12241 | D:8      | Found a stormy altar of Qazlal.
 12263 | D:8      | Reached skill level 1 in Air Magic
 12545 | D:8      | HP: 2/51 [yak (15)]
 12877 | D:9      | Reached XP level 10. HP: 56/56 MP: 14/14
 13046 | D:9      | Noticed a two-headed ogre
 13380 | D:8      | Reached skill level 5 in Air Magic
 13688 | D:9      | Found a shimmering altar of Xom.
 13889 | D:9      | Killed a two-headed ogre
 14434 | D:10     | Entered Level 10 of the Dungeon
 14453 | D:10     | Noticed Psyche
 14525 | D:9      | Learned a level 4 spell: Petrify
 14609 | D:10     | Noticed a two-headed ogre
 15051 | D:2      | Bought a ring of willpower for 325 gold pieces
 15295 | D:10     | Slain by a two-headed ogre

Illustrated notes

Levels and vault maps discovered:
D:1:      grunt_arrival_crossed_arrows, layout_loops_ring, serial_shops, shop,
          chequers_serial_rivers_micro_b
D:2:      layout_basic, serial_shops, shop,
          shapermc_ecumenical_altar_mp_urbaneastern
D:3:      layout_loops_cross, serial_shops, shop_statue, uniq_ijyb, uniq_sigmund
D:4:      layout_basic, lemuel_temple_firewalk_a, ebering_ghost_reflecting_pool,
          uniq_eustachio, uniq_duvessa
D:5:      layout_loops_cross, mainiacjoe_overflow_paths
D:6:      layout_layer_cave, chequers_big_river, dk_noncrumbling_4
D:7:      layout_loops_corners
D:8:      layout_loops_ring, mainiacjoe_overflow_concentric_impassable,
          gup_ossuary_entry_pyramid
D:9:      layout_irregular_city, mainiacjoe_overflow_surrounded_room
D:10:     layout_cave_pools, dpeg_oklobed_lair, minmay_misc_feat_square,
          uniq_maggie, uniq_harold, uniq_psyche
Temple:   mainiacjoe_temple_bowtie_tessellation

Skill      XL: |  1  2  3  4  5  6  7  8  9 10 |
---------------+-------------------------------+-----
Stealth        | 3 4 |  4.8
Polearms       | 2 4 6 8 |  8.5
Shields        | 3 5 7 8 |  8.1
Transmutations | 2 3 |  3.1
Spellcasting   | 3 |  3.4
Earth Magic    | 4 |  4.3
Air Magic      | 4 7 |  7.2
Dodging        | |  2.2

Action                   |  1- 3 |  4- 6 |  7- 9 | 10-12 || total
-------------------------+-------+-------+-------+-------++-------
Melee: Unarmed           |    32 |       |       |       ||    32
       Constrict         |    23 |    14 |    37 |     4 ||    78
       Tentacles         |    14 |    15 |    53 |     7 ||    89
       Spear             |    45 |       |       |       ||    45
       Staff             |    21 |     9 |   118 |     3 ||   151
       Trident           |       |    51 |   101 |    32 ||   184
 Fire: Hunting sling     |       |       |    16 |    11 ||    27
 Cast: Sandblast         |     7 |     6 |   104 |    26 ||   143
       Swiftness         |       |       |     3 |     2 ||     5
       Ensorcelled Hiber |       |       |     2 |     6 ||     8
       Stone Arrow       |       |       |       |     4 ||     4
       Petrify           |       |       |       |     2 ||     2
Evoke: Wand              |       |       |       |     1 ||     1
  Use: Scroll            |       |     3 |     2 |     2 ||     7
       Potion            |       |     3 |     8 |     1 ||    12
 Stab: Sleeping          |    18 |    10 |    14 |     1 ||    43
       Petrified         |       |       |       |     6 ||     6
Armor: Skin              |    11 |     2 |    27 |     3 ||    43
Dodge: Dodged            |    64 |    21 |   105 |    19 ||   209
Block: Kite shield       |       |    37 |   212 |    41 ||   290

Table legend: (Time is in decaauts)
 A = Elapsed time spent in this place.
 B = Non-inter-level travel time spent in this place.
 C = Inter-level travel time spent in this place.
 D = Time resting spent in this place.
 E = Time spent auto-exploring this place.
 F = Levels seen in this place.
 G = Mean time per level.
                   A        B        C        D        E       F      G
               +--------+--------+--------+--------+--------+-----+--------+
         Total |  15311 |  14416 |    895 |   5500 |   5091 |  12 | 1275.9 |
       Dungeon |  14720 |  13846 |    874 |   5400 |   4828 |  10 | 1472.0 |
        Temple |    213 |    192 |     21 |      0 |    175 |   1 |  213.0 |
       Ossuary |    376 |    376 |      0 |    100 |     88 |   1 |  376.0 |
               +--------+--------+--------+--------+--------+-----+--------+

Top non-repeatable levels by time:
     D:4: 2718 daAuts
     D:6: 2513 daAuts
     D:9: 1772 daAuts
     D:1: 1399 daAuts
     D:3: 1344 daAuts
     D:2: 1336 daAuts
     D:8: 1191 daAuts
     D:7: 1170 daAuts
     D:5: 1159 daAuts
 Ossuary: 376 daAuts
  Temple: 213 daAuts
    D:10: 114 daAuts
